Map: Royal Blood LE

Players

Æthelflæd - Winner!

  • Race: Terran Terran
  • League: Master
  • Spawn Location: 1:00

Maldryl

  • Race: Zerg Zerg
  • League: Diamond
  • Spawn Location: 7:00

VOD

Have the link to the VOD?

Description

Time

  • Played on: May 12, 2023, 1:58 p.m.
  • Length: 11:32
Show
View Real Time Build Order
Export as new Build Order

Æthelflæd Terran - Winner!

Build Orders: Reaper Expand, Hellion Banshee 

Get SALT Encoding   

  12  0:01  SCV  
  13  0:13  SCV  
  14  0:17  Supply Depot  
  14  0:25  SCV  
  15  0:38  SCV  
  15  0:41  Barracks  
  16  0:45  Refinery  
  16  0:51  SCV  
  17  1:03  SCV  
  18  1:15  SCV  
  19  1:28  Orbital Command  
  19  1:29  Reaper  
  20  1:39  Command Center  
  20  1:48  Supply Depot  
  20  1:55  SCV  
  20  2:01  Marine  
  22  2:07  SCV  
  23  2:13  Factory  
  23  2:19  SCV  
  23  2:22  Barracks Reactor  
  24  2:31  SCV  
  24  2:38  Command Center  
  24  2:46  SCV  
  25  2:51  Orbital Command  
  25  2:59  Starport  
  25  3:03  SCV  
  26  3:10  Hellion x2  
  30  3:16  Barracks Tech Lab  
  30  3:17  SCV, Refinery  
  31  3:23  SCV  
  32  3:32  Hellion x2  
  36  3:42  Bunker  
  36  3:44  Banshee  
  36  3:47  SCV  
  40  3:49  SCV  
  40  3:54  Hellion x2  
  45  4:00  Orbital Command  
  45  4:02  SCV x2  
  47  4:10  Cloaking Field  
  47  4:14  SCV x2  
  49  4:18  Barracks Tech Lab  
  49  4:24  Supply Depot  
  49  4:26  SCV x2  
  49  4:30  Barracks  
  51  4:33  Barracks, Banshee  
  51  4:35  SCV  
  55  4:38  SCV  
  55  4:40  SCV  
  57  4:46  Stimpack  
  57  4:47  SCV  
  57  4:49  Refinery  
  57  4:50  Refinery  
  57  4:52  SCV x2, Supply Depot  
  60  4:55  Factory Reactor  
  60  4:59  SCV  
  61  5:04  Barracks, SCV x2  
  61  5:07  Barracks  
  63  5:11  SCV  
  64  5:16  SCV x2  
  66  5:23  SCV, Marine x2  
  70  5:28  SCV x2  
  72  5:35  SCV  
  72  5:36  Supply Depot  
  72  5:37  Supply Depot  
  72  5:39  Engineering Bay  
  72  5:40  SCV x2  
  72  5:42  Marine x3  
  75  5:43  Engineering Bay  
  75  5:45  Orbital Command  
  75  5:46  Starport Reactor  
  77  5:58  Marine x2, Barracks Reactor x2  
  77  6:00  Marine  
  80  6:05  Marine x2  
  80  6:09  Terran Infantry Weapons Level 1, SCV x2  
  80  6:10  Terran Infantry Armor Level 1  
  84  6:18  SCV, Supply Depot  
  85  6:19  Marine x2, Supply Depot  
  85  6:21  SCV  
  88  6:26  Siege Tank  
  88  6:27  Medivac  
  93  6:39  Marine x3, Medivac  
  101  6:40  SCV x3  
  101  6:41  Supply Depot  
  101  6:43  Supply Depot  
  101  6:44  Supply Depot  
  101  6:46  Marine x5  
  106  6:49  Combat Shield  
  106  6:56  Marine  
  106  6:57  Marine x2  
  109  7:02  Siege Tank  
  109  7:07  Barracks  
  112  7:09  Barracks  
  112  7:10  Marine x3  
  112  7:11  Barracks, Marine x3  
  112  7:12  Medivac x2  
  122  7:15  Command Center  
  122  7:17  Missile Turret  
  122  7:19  SCV x3  
  125  7:27  Refinery  
  125  7:28  Marine x4  
  125  7:29  Marauder  
  131  7:30  Marine  
  131  7:31  Marine x3  
  131  7:34  Siege Tank  
  138  7:41  SCV x3  
  141  7:51  Supply Depot  
  141  7:52  Missile Turret, Supply Depot  
  141  7:54  Marine x2  
  141  7:55  Missile Turret  
  141  7:57  Missile Turret  
  143  8:01  Barracks Tech Lab x2  
  143  8:04  Marine  
  143  8:05  Marine x3, Marauder  
  147  8:08  Barracks Tech Lab  
  147  8:16  Marine x3  
  147  8:17  Marine  
  148  8:25  Marauder, Medivac  
  148  8:26  Medivac, Siege Tank  
  156  8:30  SCV x2  
  151  8:53  Marine  
  151  8:54  Marine x4, Marauder x2  
  130  8:56  Marine  
  130  8:57  Marine x3, Marauder  
  134  9:05  Concussive Shells  
  134  9:09  Medivac x2, Siege Tank  
  141  9:10  Barracks, Ghost Academy  
  141  9:11  Marine  
  141  9:12  Barracks  
  141  9:15  Marauder  
  144  9:22  Marine x2, Marauder  
  144  9:23  Marine x4, Marauder  
  151  9:32  Supply Depot  
  151  9:33  Factory  
  151  9:35  Marine x2, Marauder  
  151  9:36  Marine  
  156  9:40  Marine x3  
  156  9:41  Marine x2  
  156  9:43  Armory  
  161  9:51  Marine, Marauder x2  
  166  9:52  Marine  
  166  9:56  Planetary Fortress  
  167  10:06  Marine x7, Marauder x2  
  167  10:07  Marine  
  143  10:21  Marine x2, Marauder  
  143  10:22  Marauder  
  143  10:23  Marine, Siege Tank  
  143  10:25  Factory Tech Lab  
  153  10:29  Marauder  
  147  10:40  Marine x2, Barracks Tech Lab, Marauder  
  147  10:41  Marine x3  
  153  10:43  Marauder  
  153  10:45  Marine x3, Marauder  
  160  10:50  Marauder  
  160  10:54  Command Center  
  160  10:55  Siege Tank  
  165  11:02  Marauder x2  
  142  11:14  Marine x3  
Show
View Real Time Build Order
Export as new Build Order

Maldryl Zerg 

Build Orders: Hatch First 

Get SALT Encoding   

  12  0:00  Drone  
  13  0:12  Overlord  
  13  0:16  Drone  
  14  0:30  Drone x2  
  16  0:49  Hatchery  
  15  0:52  Drone  
  15  0:56  Drone  
  17  0:59  Drone  
  18  1:09  Extractor  
  17  1:15  Spawning Pool  
  17  1:18  Drone  
  17  1:21  Drone  
  18  1:27  Drone  
  20  1:40  Drone  
  20  1:49  Drone  
  21  2:01  Queen x2, Zergling x4  
  27  2:10  Overlord  
  27  2:12  Drone  
  28  2:18  Metabolic Boost  
  28  2:32  Drone x3  
  28  2:35  Overlord  
  31  2:42  Queen  
  33  2:51  Drone  
  33  2:54  Drone  
  33  2:56  Hatchery  
  34  2:59  Drone x2  
  36  3:06  Drone x2  
  36  3:08  Drone  
  36  3:12  Pneumatized Carapace  
  39  3:14  Drone  
  40  3:20  Drone x3  
  43  3:31  Overlord x2  
  43  3:48  Queen  
  43  3:50  Drone x4  
  43  3:54  Queen  
  51  3:59  Zergling x12  
  56  4:03  Drone  
  56  4:05  Overlord  
  56  4:09  Spore Crawler x2  
  55  4:11  Spore Crawler  
  54  4:21  Drone x4  
  58  4:25  Queen  
  60  4:35  Drone x4  
  64  4:45  Overlord  
  64  4:50  Lair  
  64  4:52  Drone x2, Hatchery  
  65  4:57  Drone, Hatchery  
  65  4:58  Evolution Chamber  
  65  4:59  Drone  
  65  5:00  Evolution Chamber  
  65  5:06  Overlord  
  64  5:11  Drone x6  
  70  5:14  Extractor  
  70  5:16  Extractor  
  68  5:25  Drone x3  
  68  5:26  Baneling Nest  
  68  5:27  Zerg Melee Weapons Level 1  
  70  5:29  Drone x3  
  73  5:40  Drone x7  
  80  5:47  Extractor, Spore Crawler  
  78  5:51  Overlord  
  78  5:56  Overlord  
  78  5:57  Overlord x2  
  78  6:07  Zerg Ground Armor Level 1  
  78  6:13  Zergling x24  
  85  6:22  Overseer  
  81  6:26  Drone x9  
  87  6:33  Overseer  
  87  6:39  Zergling x12  
  93  6:44  Queen  
  97  6:47  Drone x2  
  97  6:59  Drone x9  
  106  7:06  Drone x5  
  111  7:16  Overlord x3  
  111  7:25  Zergling x16  
  111  7:27  Zerg Melee Weapons Level 2  
  111  7:29  Zergling x8  
  121  7:38  Zergling x10  
  121  7:42  Zergling x12  
  121  7:43  Baneling x5  
  121  7:44  Baneling x19  
  132  7:46  Centrifugal Hooks  
  132  7:48  Zergling x8  
  136  8:01  Zergling x14  
  141  8:15  Drone x2  
  141  8:22  Overlord x3  
  141  8:23  Zergling x20  
  143  8:30  Hatchery  
  141  8:41  Zergling x28  
  138  8:54  Zergling x14  
  107  8:59  Zergling x6  
  107  9:01  Baneling x4  
  107  9:02  Baneling  
  107  9:03  Baneling x16  
  107  9:04  Zergling x2  
  107  9:09  Zergling x12  
  113  9:19  Zergling x10  
  116  9:29  Zergling x18  
  125  9:39  Infestation Pit  
  125  9:40  Zergling x16  
  132  9:48  Hatchery  
  132  9:49  Drone x5  
  132  9:52  Queen  
  138  9:54  Zergling x8  
  136  10:01  Zergling x8  
  136  10:02  Zergling x10  
  144  10:08  Zergling x10  
  141  10:17  Zergling x10  
  118  10:21  Zergling x6  
  118  10:25  Zergling x18  
  129  10:31  Zergling x4  
  129  10:32  Overseer  
  129  10:34  Zergling x6  
  120  10:37  Baneling x6  
  120  10:38  Baneling x15  
  120  10:46  Zergling x18  
  129  10:51  Drone  
  126  11:00  Zergling x20  
  131  11:10  Zergling x16  
  114  11:14  Zergling x10  
  114  11:17  Baneling x2  
Tags
 
Add a new tag
Caveats
  • Supply blocks, unpowered buildings, or Contaminate may cause inaccurate times.
  • Supply counts are checked every 10 seconds.